 Dungeon Crawl Stone Soup version 0.27-a0-32-g443bf2d2ca (webtiles) character file.

Game seed: 17071638860795940705

15 DocSulfur the Sneak (level 2, -2/15 HPs)
             Began as a Kobold Enchanter on Jan 4, 2021.
             Slain by a leopard gecko (5 damage)
             ... on level 2 of the Dungeon.
             The game lasted 00:02:24 (1139 turns).

DocSulfur the Sneak (Kobold Enchanter)              Turns: 1139, Time: 00:02:24

Health: -2/15      AC:  2    Str:  5    XL:     2   Next: 65%
Magic:  4/5        EV: 15    Int: 16    God:
Gold:   36         SH:  0    Dex: 15    Spells: 4/5 levels left

rFire    . . .     SeeInvis .   a - +1 dagger
rCold    . . .     Faith    .   (shield restricted)
rNeg     . . .     Spirit   .   b - +0 robe
rPois    .         Reflect  .   (no helmet)
rElec    .         Harm     .   (no cloak)
rCorr    .         Rampage  .   (no gloves)
Will     .....                  (no boots)
Stlth    ++++......             (no amulet)
HPRegen  0.05/turn              (no ring)
MPRegen  0.09/turn              (no ring)

@: no status effects
A: small, nightstalker 3
a: no special abilities


You were on level 2 of the Dungeon.
You visited 1 branch of the dungeon, and saw 3 of its levels.

You collected 36 gold pieces.

Inventory:

Hand Weapons
 a - a +1 dagger (weapon)
Armour
 b - a +0 robe (worn)
Scrolls
 c - a scroll of remove curse {unknown}
 e - a scroll of identify {unknown}
 g - a scroll of fog
 h - a scroll of enchant weapon {unknown}
Potions
 d - 2 potions of curing {unknown}
 f - a potion of mutation {unknown}


   Skills:
 * Level 2.3 Short Blades
 - Level 2.4 Dodging
 - Level 4.0 Stealth
 + Level 2.4 Spellcasting
 + Level 3.1 Hexes
 + Level 0.6 Ice Magic


You had 4 spell levels left.
You knew the following spells:

 Your Spells              Type           Power        Failure   Level
a - Corona                Hex            13%          5%          1

Your spell library contained the following spells:

 Spells                   Type           Power        Failure   Level
 Ensorcelled Hibernation  Hex/Ice        16%          14%         2
 Confusing Touch          Hex            12%          16%         3
 Tukima's Dance           Hex            12%          16%         3
 Dazzling Flash           Conj/Hex       14%          30%         3


Dungeon Overview and Level Annotations

Branches:
Dungeon (3/15)

Altars:


Innate Abilities, Weirdness & Mutations

You are small and have problems with some larger weapons.
You are completely attuned to the shadows.


Message History

The kobold hits you with a +0 short sword.
You barely miss the kobold.
The kobold is moderately wounded.
The kobold closely misses you.
You hit the kobold.
The kobold is heavily wounded.
The kobold hits you with a +0 short sword.
* * * LOW HITPOINT WARNING * * *
You hit the kobold.
The kobold is severely wounded.
The kobold closely misses you.
You hit the kobold but do no damage.
The kobold is severely wounded.
The leopard gecko bites you.
* * * LOW HITPOINT WARNING * * *
The kobold hits you but does no damage.
You hit the kobold but do no damage.
The kobold is severely wounded.
The leopard gecko bites you.
You die...

..##### #.#...###
.# ## ......) .#
..
###...#######.###
####
....>............
....
####.............
....
#......(....##
##..
#...........#
....
#....@......#
##.. ...K)l.....#
... ...........#
..........
.........


You could see a leopard gecko and a kobold (corona).

Vanquished Creatures
  A leopard gecko (D:1)
  An orc (D:3)
  2 giant cockroaches (D:1)
  2 goblins (D:1)
  2 kobolds
  A ball python (D:1)
  A bat (D:1)
  2 frilled lizards (D:1)
  A rat (D:1)
13 creatures vanquished.

Notes
Turn   | Place    | Note
-------+----------+-------------------------------------------
     0 | D:1      | DocSulfur the Kobold Enchanter began the quest for the Orb.
     0 | D:1      | Reached XP level 1. HP: 10/10 MP: 3/3
   457 | D:1      | Reached XP level 2. HP: 15/15 MP: 5/5
  1139 | D:2      | Slain by a leopard gecko

Illustrated notes

Levels and vault maps discovered:
D:1:      minmay_arrival_shattered_statue, layout_loops_corners
D:2:      layout_basic
D:3:      layout_basic, nicolae_overflow_hidden_temple

Skill      XL: |  1  2 |
---------------+-------+-----
Short Blades   | 2 |  2.3
Dodging        | |  2.4
Stealth        | |  4.0
Spellcasting   | |  2.4
Hexes          | |  3.1
Ice Magic      | |  0.6

Action                   || total
-------------------------++-------
Melee: Dagger            ||    38
 Cast: Corona            ||     3
  Use: Scroll            ||     1
 Stab: Sleeping          ||     7
Armor: Robe              ||     4
Dodge: Dodged            ||    25

Table legend: (Time is in decaauts)
 A = Elapsed time spent in this place.
 B = Non-inter-level travel time spent in this place.
 C = Inter-level travel time spent in this place.
 D = Time resting spent in this place.
 E = Time spent auto-exploring this place.
 F = Levels seen in this place.
 G = Mean time per level.
                   A        B        C        D        E       F      G
               +--------+--------+--------+--------+--------+-----+--------+
         Total |   1136 |   1118 |     18 |      0 |    964 |   3 |  378.7 |
       Dungeon |   1136 |   1118 |     18 |      0 |    964 |   3 |  378.7 |
               +--------+--------+--------+--------+--------+-----+--------+

Top non-repeatable levels by time:
     D:1: 1076 daAuts
     D:2: 46 daAuts
     D:3: 13 daAuts
